 Dungeon Crawl Stone Soup version 0.13-a0-1536-gedae9ec (webtiles) character file.

261 Kae the Sneak (level 5, 0/24 HPs)
             Began as a Spriggan Enchanter on June 9, 2013.
             Killed by divine providence
             ... invoked by an orc priest
              (12 damage)
             ... on Level 3 of the Dungeon.
             The game lasted 00:05:12 (2778 turns).

Kae the Sneak (Spriggan Enchanter)                  Turns: 2778, Time: 00:05:12

HP   0/24        AC  3     Str  5      XL: 5   Next: 17%
MP  15/15        EV 18     Int 17      God:
Gold 101         SH  0     Dex 16      Spells:  2 memorised,  6 levels left

Res.Fire  : . . .   See Invis. : +   a - +1 dagger {=f}
Res.Cold  : . . .   Warding    : .   b - +1 robe
Life Prot.: . . .   Conserve   : .   (shield restricted)
Res.Poison: .       Res.Corr.  : .   (helmet restricted)
Res.Elec. : .       Clarity    : .   (no cloak)
Sust.Abil.: . .     Spirit.Shd : .   (gloves unavailable)
Res.Mut.  : .       Stasis     : .   (boots unavailable)
Res.Rott. : .       Flight     : .   (no amulet)
Saprovore : . . .                    (no ring)
                                     (no ring)

@: very quick, somewhat resistant to hostile enchantments, quite stealthy
A: unfitting armour, see invisible, herbivore 3, speed 3, slow metabolism 2
a: no special abilities


You were on level 3 of the Dungeon.
You were not hungry.

You visited 1 branch of the dungeon, and saw 3 of its levels.

You collected 81 gold pieces.

Inventory:

Hand weapons
 a - a +1,+1 dagger (weapon) {=f}
 k - a +0,+2 dagger of electrocution
Missiles
 d - 12 darts (quivered)
Armour
 b - a +1 robe (worn)
Comestibles
 f - 2 bread rations
 r - 2 meat rations
Scrolls
 g - a scroll of recharging {unknown}
 i - 2 scrolls of remove curse {unknown}
 l - a scroll of identify {unknown}
 m - a scroll of curse armour {unknown}
 o - 2 scrolls of random uselessness {unknown}
 p - a scroll of amnesia {unknown}
 s - a scroll of teleportation {unknown}
Potions
 h - 2 potions of curing {unknown}
 j - a potion of might {unknown}
 n - a potion of speed {unknown}
 q - 2 potions of heal wounds {unknown}
Books
 c - a book of Maledictions

   Spells                             Type                      Level
   *Corona                            Hexes                        1
   Sure Blade                         Hexes/Charms                 2
   *Ensorcelled Hibernation           Hexes/Ice                    2
   Confuse                            Hexes                        3
   Enslavement                        Hexes                        4
   Invisibility                       Hexes                        6


   Skills:
 * Level 3.7 Short Blades
 - Level 1.1 Throwing
 - Level 3.0 Dodging
 + Level 4.7 Stealth
 + Level 2.6 Spellcasting
 + Level 4.5 Hexes


You had 6 spell levels left.
You knew the following spells:

 Your Spells              Type           Power        Failure   Level  Hunger
a - Corona                Hex            ###....      2%          1    #......
b - Ensorcelled Hibernat  Hex/Ice        #.....       14%         2    ##.....


Dungeon Overview and Level Annotations

Branches:
Dungeon (3/27)

Altars:
Sif Muna


Innate Abilities, Weirdness & Mutations

You are tiny and cannot use many weapons and most armour.
You have supernaturally acute eyesight.
You are a herbivore.
You cover ground extremely quickly.
You need consume almost no food.


Message History

The orc priest picks up an orcish trident.
The orc priest wields an orcish trident.
There is an open door here.
You close the door.
You start resting.
Magic restored.
You start resting.
HP restored.
You open the door.
The orc priest shouts!
The orc priest invokes the aid of Beogh against you.
Something smites you!
Ouch! That really hurt!
There is an open door here.
You close the door.
You start resting.
The orc priest mumbles some strange prayers to Beogh against you.
Something smites you!
Ouch! That really hurt!
You die...

.## #..# ## #..#
######### ######..#####
.......?#
#...........######
........#
#.####...#.......#
........# #<#
#...#######.# ....oo..#
######......# #.#
##+#'#'## #....#..###.#
#.#
#o#)####....#@.###.####.#
#o#....'....z...........#
#z######...o#..###.######
#. #....#..# #.# ##
######..# #.# #..# #.#
#..# #.# #..# #.# #..#
#.#


You could see an orc priest and an adder skeleton.

Vanquished Creatures
  An orc priest (D:3)
  Terence (D:2)
  3 gnolls (D:3)
  3 adders
  A giant mite (D:2)
  A giant eyeball (D:3)
  3 orcs (D:3)
  2 giant cockroaches (D:1)
  6 hobgoblins
  2 jackals (D:1)
  An ooze (D:1)
  3 ball pythons
  12 bats
  10 goblins
  4 kobolds
  4 rats
57 creatures vanquished.

Notes
Turn   | Place    | Note
--------------------------------------------------------------
     0 | D:1      | Kae, the Spriggan Enchanter, began the quest for the Orb.
     0 | D:1      | Reached XP level 1. HP: 9/9 MP: 4/4
   283 | D:1      | Reached XP level 2. HP: 4/13 MP: 6/6
   493 | D:2      | Learned a level 2 spell: Ensorcelled Hibernation
   803 | D:2      | Reached skill level 4 in Hexes
   871 | D:2      | Noticed Terence
  1086 | D:2      | Reached XP level 3. HP: 16/16 MP: 9/9
  1607 | D:2      | Found a deep blue altar of Sif Muna.
  2124 | D:2      | Killed Terence
  2124 | D:2      | Reached XP level 4. HP: 21/21 MP: 9/12
  2689 | D:3      | Reached XP level 5. HP: 19/24 MP: 10/15
  2778 | D:3      | Killed from afar by an orc priest

Action                   |  1- 3 |  4- 6 || total
-------------------------+-------+-------++-------
Melee: Dagger            |   109 |    46 ||   155
Throw: Dart              |     2 |       ||     2
 Cast: Ensorcelled Hiber |    26 |    12 ||    38
  Use: Potion            |       |     1 ||     1
 Stab: Sleeping          |    20 |    12 ||    32
